 Dungeon Crawl Stone Soup version 0.26-a0-652-gafc20e3620 (webtiles) character file.

Game seed: 17840686498638143475

38 looop the Conjurer (level 3, -28/21 HPs)
             Began as an Octopode Conjurer on Oct 3, 2020.
             Annihilated by an ogre
             ... wielding a +0 giant club
              (31 damage)
             ... on level 2 of the Dungeon.
             The game lasted 00:02:13 (928 turns).

looop the Conjurer (Octopode Conjurer)               Turns: 928, Time: 00:02:13

Health: -28/21     AC:  1    Str:  6    XL:     3   Next: 43%
Magic:  2/6        EV: 13    Int: 21    God:
Gold:   92         SH:  0    Dex: 10    Spells: 1/7 levels left

rFire    . . .     SeeInvis .   b - +0 dagger (venom)
rCold    . . .     Faith    .   (no shield)
rNeg     . . .     Spirit   .   (helmet restricted)
rPois    .         Reflect  .   (no amulet)
rElec    .         Harm     .   f - ring of teleportation (curse)
rCorr    .         Rampage  .   (no ring)
MR       .....     Rnd*Tele +   (no ring)
Stlth    +++.......             (no ring)
HPRegen  0.07/turn              (no ring)
MPRegen  0.10/turn              (no ring)
                                (no ring)
                                (no ring)

@: no status effects
A: almost no armour, stealthy swim, amphibious, 8 rings, constrict 8, camouflage
1, gelatinous body 1
a: no special abilities


You were on level 2 of the Dungeon.
You visited 1 branch of the dungeon, and saw 2 of its levels.

You collected 92 gold pieces.

Inventory:

Hand Weapons
 b - a +0 dagger of venom (weapon)
Missiles
 e - 17 poisoned darts (quivered)
Jewellery
 f - a cursed ring of teleportation (left tentacle)
Potions
 a - a potion of degeneration {unknown}
 c - a potion of ambrosia {unknown}
 d - 3 potions of curing


   Skills:
 - Level 2.0 Dodging
 - Level 2.6 Stealth
 + Level 2.5 Spellcasting
 * Level 4.8 Conjurations


You had one spell level left.
You knew the following spells:

 Your Spells              Type           Power        Failure   Level
a - Magic Dart            Conj           ###.         1%          1
b - Searing Ray           Conj           ###...       3%          2
c - Dazzling Flash        Conj/Hex       ##....       16%         3

Your spell library contained the following spells:

 Spells                   Type           Power        Failure   Level
 Fulminant Prism          Conj/Hex       ##........   45%         4
 Iskenderun's Mystic Bla  Conj/Tloc      ##......     45%         4


Dungeon Overview and Level Annotations

Branches:
Dungeon (2/15)

Altars:


Innate Abilities, Weirdness & Mutations

You cannot wear most types of armour.
You are very stealthy in the water. (Stealth+)
You are amphibious.
You can wear up to eight rings at the same time.
You can use your tentacles to constrict eight enemies at once.
Your skin changes colour to match your surroundings (Stealth+).
Your rubbery body absorbs attacks. (AC +1, EV +1)


Message History

Casting: Searing Ray (safe; 3% risk of failure)
Confirm with . or Enter, or press ? or * to list all spells.
Aiming: Searing Ray (safe; 3% risk of failure)
Press: ? - help, Shift-Dir - straight line, f - ogre
Aim: an ogre, wielding a +0 giant club (lightly wounded)
The searing ray hits the ogre.
The ogre is moderately wounded.
The searing ray hits the bat!
You kill the bat! (Press . to maintain the ray.)
The searing ray hits the ogre.
The ogre is heavily wounded.
The ogre hits you with a +0 giant club!!
Ouch! That really hurt!
* * * LOW HITPOINT WARNING * * *
The searing ray hits the ogre!
The ogre is severely wounded.
The ogre hits you with a +0 giant club!!
Ouch! That really hurt!
You die...

.##.#####
........#
.##.###.# ###
.##.# #.# #..
....# #.# #.#
##### #.# #.# #.#
#.# #.# #?###.# #
#.# #@....# # #.#
#O##### # #.# #.#
#######.# #†#
......#.########.#
#####.#......b...#
# ##.#.#...#####.#
# #.###..........#
# #..#.#.[.#######


You could see an ogre.

Vanquished Creatures
  A worm (D:2)
  2 dart slugs (D:1)
  A leopard gecko (D:1)
  2 giant cockroaches (D:1)
  5 goblins
  A hobgoblin (D:1)
  4 jackals (D:1)
  A ball python (D:1)
  4 bats
  A frilled lizard (D:2)
  4 kobolds
  4 rats
30 creatures vanquished.

Notes
Turn   | Place    | Note
-------+----------+-------------------------------------------
     0 | D:1      | looop the Octopode Conjurer began the quest for the Orb.
     0 | D:1      | Reached XP level 1. HP: 11/11 MP: 3/3
    94 | D:1      | Reached XP level 2. HP: 17/17 MP: 0/5
   229 | D:1      | Learned a level 2 spell: Searing Ray
   547 | D:1      | Reached XP level 3. HP: 21/21 MP: 0/6
   761 | D:1      | Learned a level 3 spell: Dazzling Flash
   869 | D:2      | Noticed an ogre
   928 | D:2      | Annihilated by an ogre

Illustrated notes

Levels and vault maps discovered:
D:1:      eino_arrival_cavern_a, layout_basic, minivault_4
D:2:      layout_loops_ring, gammafunk_temple_overflow_statue, vehumet_crystals

Action                   || total
-------------------------++-------
Melee: Dagger            ||    17
       Constrict         ||     4
       Tentacles         ||     2
 Cast: Magic Dart        ||    31
       Searing Ray       ||     3
  Use: Scroll            ||     1
       Potion            ||     1
 Stab: Sleeping          ||     3
Armor: Skin              ||     3
Dodge: Dodged            ||    26

Table legend: (Time is in decaauts)
 A = Elapsed time spent in this place.
 B = Non-inter-level travel time spent in this place.
 C = Inter-level travel time spent in this place.
 D = Time resting spent in this place.
 E = Time spent auto-exploring this place.
 F = Levels seen in this place.
 G = Mean time per level.
                   A        B        C        D        E       F      G
               +--------+--------+--------+--------+--------+-----+--------+
         Total |    926 |    901 |     25 |      0 |    705 |   2 |  463.0 |
       Dungeon |    926 |    901 |     25 |      0 |    705 |   2 |  463.0 |
               +--------+--------+--------+--------+--------+-----+--------+

Top non-repeatable levels by time:
     D:1: 785 daAuts
     D:2: 141 daAuts
